AoeStats
← AnGuS

Fortress

509913483Analyzed
4v4 RM · 3d ago on Sep 28, 2026· 32m 41s· 8 players
Game mode
Random Map
Map size
Huge
Population
200
Speed
Normal
Resources
Standard
Victory
Conquest
Starting age
Dark Age
Ending age
Imperial Age
RankedLock teamsTeams togetherTeam positionsShared explorationLock speedFull tech treeHidden civsTurbo modeCheats
Victory
Defeat
🇹🇼 Varangians · Taiwan
1109
+14
🇬🇧 Bohemians · United Kingdom
1090
+15
🇹🇷 Huns · Türkiye
1068
+16
🇵🇪 Saxons · Peru
1028
+18
🇨🇱 Armenians · Chile
1109
-17
🇦🇷 Inca · Argentina
1098
-17
🇧🇷 Turks · Brazil
1047
-15
🇨🇳 Franks · China
1014
-14
Koleksiyoncu
9:17 Feudal Age
13:14 Castle Age
11:08 Double-Bit Axe
11:05 Horse Collar
12:30 Gold Mining
13:37 Wheelbarrow
15:23 Bow Saw
16:43 Heavy Plow
18:23 Gold Shaft Mining
24:02 Imperial Age
22:01 Forging
22:38 Husbandry
22:49 Bloodlines
23:10 Scale Barding Armor
22:31 Light Cavalry
24:07 Iron Casting
24:27 Chain Barding Armor
24:29 Hussar
27:00 Conscription
28:02 Plate Barding Armor
28:12 Hand Cart
29:31 Blast Furnace
31:15 Cavalier
32:08 Paladin
0204isaias
8:32 Feudal Age
10:05 Loom
12:35 Castle Age
10:41 Gold Mining
10:47 Double-Bit Axe
10:51 Horse Collar
14:24 Fletching
14:59 Gold Mining
16:56 Bodkin Arrow
18:29 Forging
21:25 Iron Casting
21:12 Gold Mining
28:44 Scale Mail Armor
28:36 Gambesons
28:38 Arson
28:15 Pikeman
28:58 Squires
31:01 Chain Mail Armor
33:09 Bow Saw
33:01 Heavy Plow
Merge
7:09 Loom
8:54 Feudal Age
13:17 Castle Age
11:06 Double-Bit Axe
12:43 Loom
13:36 Wheelbarrow
19:54 Hand Cart
21:17 Bow Saw
21:42 Horse Collar
22:33 Heavy Plow
26:57 Imperial Age
24:13 Town Watch
24:42 Padded Archer Armor
24:45 Scale Mail Armor
24:48 Squires
26:20 Chemistry
25:15 Pikeman
26:02 Fletching
26:28 Leather Archer Armor
27:15 Arson
27:46 Forging
27:52 Chain Mail Armor
27:33 Bodkin Arrow
28:17 Conscription
28:00 Halberdier
29:15 Ring Archer Armor
31:35 Two-Man Saw
33:11 Bracer
33:46 Iron Casting
33:42 Plate Mail Armor
Gamer
7:11 Feudal Age
7:50 Loom
11:24 Castle Age
9:35 Horse Collar
9:52 Double-Bit Axe
12:31 Bow Saw
14:16 Heavy Plow
16:37 Squires
19:19 Wheelbarrow
24:31 Imperial Age
21:42 Light Cavalry
24:26 Squires
24:37 Scale Mail Armor
26:12 Chain Mail Armor
27:49 Crop Rotation
28:07 Hussar
29:40 Elite Varangian Guard
31:53 Gambesons
Don Wea
Sharito♿
8:28 Feudal Age
9:36 Loom
9:37 Town Watch
12:30 Castle Age
11:14 Horse Collar
11:22 Double-Bit Axe
18:36 Wheelbarrow
18:42 Heavy Plow
19:03 Bow Saw
19:52 Stone Mining
19:58 Gold Mining
AnGuS
10:39 Feudal Age
15:08 Castle Age
13:37 Double-Bit Axe
13:34 Horse Collar
19:05 Imperial Age
17:11 Bow Saw
21:05 Padded Archer Armor
24:18 Leather Archer Armor
28:17 Ring Archer Armor
29:38 Wheelbarrow
3014476703
5:52 Feudal Age
11:41 Castle Age
10:40 Double-Bit Axe
16:45 Wheelbarrow
19:25 Forging
19:21 Scale Barding Armor
20:13 Husbandry
23:05 Iron Casting
25:06 Chain Barding Armor
Connection lost

Rejoining the realm…

Still unreachable

The connection could not be restored.

Session expired

The server has moved on; the page needs a fresh start.